 Dungeon Crawl Stone Soup version 0.18.1-8-gdd0e5ea (webtiles) character file.

1395 Hipnos the Geomancer (level 8, -9/44 HPs)
             Began as a Gargoyle Earth Elementalist on May 24, 2016.
             Was a Follower of Vehumet.
             Mangled by an orc warrior
             ... wielding a +2 glaive of chopping
              (22 damage)
             ... on level 6 of the Dungeon.
             The game lasted 00:19:03 (6765 turns).

Hipnos the Geomancer (Gargoyle Earth Elementalist)  Turns: 6765, Time: 00:19:03

Health: -9/44      AC: 11    Str: 13    XL:     8   Next: 68%
Magic:  14/14      EV: 13    Int: 17    God:    Vehumet [*.....]
Gold:   282        SH:  0    Dex: 10    Spells: 4 memorised, 5 levels left

rFire  + . .     SeeInvis .     y - +2 flail (drain)
rCold  + . .     Gourm    +     F - +1 leather armour {rF+}
rNeg   + . .     Faith    .     (no shield)
rPois  ∞         Spirit   .     B - +0 helmet
rElec  +         Dismiss  .     (no cloak)
rCorr  .         Reflect  .     (no gloves)
SustAt .         Harm     .     x - +0 pair of boots
MR     .....                    v - amulet of the gourmand
Stlth  ++........               (no ring)
                                s - ring of protection from cold

@: not resistant to hostile enchantments, unstealthy
A: negative energy resistance 1, electricity resistance, unbreathing,
petrification resistance, rot immunity, AC +5
a: Renounce Religion


You were on level 6 of the Dungeon.
You worshipped Vehumet.
Vehumet was aware of your devotion.
You were very full.

You visited 2 branches of the dungeon, and saw 8 of its levels.

You collected 282 gold pieces.

Inventory:

Hand Weapons
 l - a +0 whip
 y - a +2 flail of draining (weapon)
Missiles
 b - 140 stones (quivered)
Armour
 a - a +0 robe
 x - a +0 pair of boots (worn)
 B - a +0 helmet (worn)
 F - a +1 leather armour of fire resistance (worn)
Jewellery
 s - a ring of protection from cold (left hand)
 v - an amulet of the gourmand (around neck)
Scrolls
 m - 2 scrolls of remove curse
 p - a scroll of recharging {unknown}
 q - 2 scrolls of teleportation
 w - 2 scrolls of enchant weapon {unknown}
 D - a scroll of magic mapping {unknown}
 G - a scroll of brand weapon {unknown}
 K - a scroll of random uselessness {unknown}
Potions
 e - a potion of resistance
 f - a potion of magic
 g - a potion of lignification
 h - 3 potions of flight {unknown}
 i - 2 potions of berserk rage {unknown}
 k - 4 potions of might
 n - 5 potions of curing
 t - a potion of degeneration {unknown}
 z - a potion of mutation {unknown}
 A - a potion of beneficial mutation {unknown}
 C - a potion of agility {unknown}
 E - a potion of brilliance {unknown}
 J - a potion of invisibility {unknown}
 L - a potion of experience {unknown}
Books
 c - a book of Geomancy

   Spells                             Type                      Level
   a - Sandblast                      Earth                        1
   b - Passwall                       Transmutation/Earth          2
   c - Stone Arrow                    Conjuration/Earth            3
   d - Petrify                        Transmutation/Earth          4
   e - Lee's Rapid Deconstruction     Earth                        5
 u - a book of Unlife

   Spells                             Type                      Level
   a - Recall                         Summoning/Translocation      3
   b - Animate Dead                   Necromancy                   4
   c - Control Undead                 Necromancy                   4
   d - Cigotuvi's Embrace             Necromancy                   5
   e - Death Channel                  Necromancy                   6
   f - Simulacrum                     Ice/Necromancy               6
Comestibles
 d - 3 bread rations
 j - 3 meat rations
 r - 5 fruits


   Skills:
 - Level 1.9 Fighting
 + Level 2.9 Maces & Flails
 + Level 2.5 Armour
 - Level 4.7 Dodging
 - Level 2.2 Stealth
 * Level 4.4 Spellcasting
 - Level 0.7 Transmutations
 * Level 8.2 Earth Magic


You had 5 spell levels left.
You knew the following spells:

 Your Spells              Type           Power        Failure   Level  Hunger
a - Sandblast             Erth           ####..       1%          1    None
b - Passwall              Trmt/Erth      ###.......   6%          2    ##.....
c - Stone Arrow           Conj/Erth      ###...       12%         3    ###....
d - Petrify               Trmt/Erth      ###.....     30%         4    ####...


Dungeon Overview and Level Annotations

Branches:
Dungeon (7/15)             Temple (1/1) D:5

Altars:
Ashenzari
Kikubaaqudgha
Makhleb
Nemelex Xobeh
Qazlal
Ru
Vehumet
Yredelemnul
Jiyva

Shops:
D:6 !

Annotations:
D:4 Eustachio


Innate Abilities, Weirdness & Mutations

You are resistant to torment.
Your stone body is resilient (AC +5).
You are immune to poison.
You resist negative energy.
You are resistant to electric shocks.
You can survive without breathing.
You are immune to petrification.
You are immune to rotting.


Message History

Things that are here:
a mace; an orc corpse
There is a stone staircase leading down here.
You climb downwards.
The orc warrior hits you with a glaive of chopping.
There is a stone staircase leading up here.
You closely miss the orc warrior.
The orc shouts!
The orc warrior hits you with a glaive of chopping.
A worker ant zombie comes into view.
You barely miss the orc warrior.
The orc warrior hits you with a glaive of chopping!
The orc warrior hits you with a glaive of chopping!
* * * LOW HITPOINT WARNING * * *
The worker ant zombie bites you but does no damage.
You climb upwards.
There is a stone staircase leading down here.
The orc warrior hits you from afar with a glaive of chopping!!
Ouch! That really hurt!
You die...

...#########.#
..## #.# .## #.#
.# ######.##### .#
#..........# '##
#.#.##.#.#.# ..##
#.#.##.#.#.# )..##
#.#.#..#.#.#
....###.#....#.#@#
.....##.#....#.#>#
.....'.........)o#
.....##........###
....######.#<###
...## ###.# ..##
#.# '## #.#
.####### #.#


You could see an orc warrior.

Vanquished Creatures
  A hippogriff (D:7)
  Edmund (D:4)
  A water moccasin (D:5)
  An ice beast (D:6)
  A centaur (D:6)
  3 giant frogs (D:6)
  A crimson imp (D:5)
  A giant frog zombie (D:5)
  5 orc wizards
  An orc priest (D:6)
  A hound (D:5)
  An iguana (D:6)
  Natasha (twice) (D:3)
  Terence (D:3)
  4 worker ants
  2 hound zombies
  2 hound skeletons
  4 adders
  A shadow imp (D:5)
  An adder zombie (D:6)
  3 worms
  2 dart slugs (D:1)
  5 giant geckos
  19 orcs
  11 bats
  4 giant cockroaches
  8 goblins
  7 hobgoblins
  7 jackals
  3 kobolds
  3 quokkas
  2 ball pythons
  A giant newt (D:1)
  6 rats
  A plant (D:1)
117 creatures vanquished.

Notes
Turn   | Place    | Note
--------------------------------------------------------------
     0 | D:1      | Hipnos the Gargoyle Earth Elementalist began the quest for the Orb.
     0 | D:1      | Reached XP level 1. HP: 10/10 MP: 3/3
   119 | D:1      | Reached XP level 2. HP: 15/15 MP: 3/5
   244 | D:1      | Reached skill level 4 in Earth Magic
   540 | D:1      | Reached XP level 3. HP: 17/19 MP: 6/6
  1002 | D:2      | Found a basalt altar of Yredelemnul.
  1285 | D:2      | Reached XP level 4. HP: 24/24 MP: 5/7
  1304 | D:2      | Reached skill level 5 in Earth Magic
  1574 | D:3      | Noticed Natasha
  1582 | D:3      | Killed Natasha
  1784 | D:3      | Noticed Natasha
  1839 | D:3      | Killed Natasha
  1839 | D:3      | Reached XP level 5. HP: 19/28 MP: 2/9
  1909 | D:3      | Noticed Terence
  1944 | D:3      | Killed Terence
  2004 | D:3      | Found a faded altar to an unknown god.
  2855 | D:4      | Reached skill level 6 in Earth Magic
  3170 | D:4      | Noticed Edmund
  3176 | D:4      | Learned a level 2 spell: Passwall
  3180 | D:4      | Learned a level 3 spell: Stone Arrow
  3185 | D:4      | Learned a level 4 spell: Petrify
  3236 | D:4      | Killed Edmund
  3236 | D:4      | Reached XP level 6. HP: 26/32 MP: 0/11
  3345 | D:4      | Found a sparkling altar of Nemelex Xobeh.
  3483 | D:4      | Noticed Eustachio
  3510 | D:5      | Entered Level 5 of the Dungeon
  3790 | D:5      | Noticed a water moccasin
  3809 | D:5      | Killed a water moccasin
  3809 | D:5      | Reached skill level 1 in Maces & Flails
  3809 | D:5      | Reached skill level 7 in Earth Magic
  3809 | D:5      | Reached XP level 7. HP: 7/36 MP: 5/12
  4418 | D:5      | Found a staircase to the Ecumenical Temple.
  4427 | Temple   | Entered the Ecumenical Temple
  4473 | Temple   | Became a worshipper of Vehumet
  4530 | D:5      | Found a sacrificial altar of Ru.
  4753 | D:6      | Found Kasirphi's Distillery.
  5229 | D:6      | Reached skill level 1 in Fighting
  5477 | D:6      | Reached skill level 1 in Armour
  5605 | D:6      | Reached XP level 8. HP: 32/44 MP: 11/14
  5926 | D:6      | Reached * piety under Vehumet
  5926 | D:6      | Offered knowledge of Sting by Vehumet.
  6366 | D:7      | Reached skill level 8 in Earth Magic
  6409 | D:5      | Found a burning altar of Makhleb.
  6409 | D:5      | Found an ancient bone altar of Kikubaaqudgha.
  6409 | D:5      | Found a shattered altar of Ashenzari.
  6765 | D:6      | Mangled by an orc warrior

Skill      XL: |  1  2  3  4  5  6  7  8 |
---------------+-------------------------+-----
Earth Magic    | 4 5 6 7 8 |  8.2
Dodging        | 2 3 4 |  4.7
Spellcasting   | 3 4 |  4.4
Maces & Flails | 1 2 |  2.9
Fighting       | 1 |  1.9
Armour         | 1 2 |  2.5
Stealth        | |  2.2
Transmutations | |  0.7

Action                   |  1- 3 |  4- 6 |  7- 9 || total
-------------------------+-------+-------+-------++-------
Melee: Whip              |   201 |    72 |       ||   273
       Flail             |       |    35 |   234 ||   269
 Cast: Sandblast         |    49 |    76 |     6 ||   131
  Use: Scroll            |     3 |       |     4 ||     7
       Potion            |       |     2 |     2 ||     4
 Stab: Sleeping          |     2 |     3 |     2 ||     7
  Eat: Chunk             |     3 |     9 |    17 ||    29
Armor: Robe              |    33 |    88 |    22 ||   143
       Leather armour    |       |       |   119 ||   119
Dodge: Dodged            |    59 |   146 |   196 ||   401
